 Dungeon Crawl Stone Soup version 0.24-a0-170-gd8427f5388 (webtiles) character file.

Game seed: 0

156779 Morbidden the Grappler (level 16, -13/149 HPs)
             Began as a Yellow Draconian Fighter on Mar 3, 2019.
             Was the Champion of Yredelemnul.
             Killed by the raging water
             ... invoked by a water nymph
              (14 damage)
             ... on level 1 of the Shoals on Mar 9, 2019.
             The game lasted 03:08:17 (38933 turns).

Morbidden the Grappler (Yellow Draconian Fighter)  Turns: 38933, Time: 03:08:19

Health: -13/149    AC: 17    Str: 17      XL:     16   Next: 83%
Magic:  0/34       EV: 16    Int: 11 (13) God:    Yredelemnul [******]
Gold:   2212       SH: 12    Dex:  8      Spells: 21/21 levels left

rFire    + . .     SeeInvis .     - Unarmed
rCold    + + +     Gourm    .   a - +1 shield
rNeg     + + +     Faith    .   (armour unavailable)
rPois    +         Spirit   +   I - +2 hat of the Bear Spirit {Spirit, +Rage rN+ MR++}
rElec    .         Reflect  .   l - +2 cloak {+Inv}
rCorr    +         Harm     .   y - +0 pair of gloves
MR       +++++     Rnd*Rage +   g - +1 pair of boots "Wupniez" {rF+ MR+} Stlth +.........Rnd*Tele +
                                F - amulet "Oprip" {Spirit rPois rN++ Dex-5}
HPRegen  0.34/turn              D - ring of Mimn {*Drain +Fly rC+++ MR+ Stlth+}
MPRegen  0.24/turn              e - ring of Senot {rN++ MP+9 Str-2}

@: lethally poisoned (-13 -> -27), very slow
A: spit acid, unfitting armour, berserk 1, robust 1, teleportitis 1, wild magic
2, acidic bite, cold-blooded, MP-powered wands, acid resistance, AC +9
}: 1/15 runes: gossamer
a: Breathe Acid, Recall Undead Slaves, Injury Mirror, Animate Dead, Drain Life,
Enslave Soul, Renounce Religion, Evoke Berserk Rage, Evoke Invisibility, Evoke
Flight


You were on level 1 of the Shoals.
You worshipped Yredelemnul.
Yredelemnul was exalted by your worship.
You were not hungry.

You visited 6 branches of the dungeon, and saw 29 of its levels.
You visited the Abyss 1 time.
You also visited: Bailey and Gauntlet.

You collected 3150 gold pieces.
You spent 938 gold pieces at shops.

Inventory:

Hand Weapons
 b - the +9 staff of Olgreb {rPois}
   (You took it off a goblin in a bailey)

   It protects you from poison.
Missiles
 p - 20 javelins (quivered)
Armour
 a - a +1 shield (worn)
 g - the +1 pair of boots "Wupniez" (worn) {rF+ MR+}
   (You acquired it in a Gauntlet)

   It protects you from fire.
   It affects your resistance to hostile enchantments.
 l - a +2 cloak of invisibility (worn)
 y - a +0 pair of gloves (worn)
 I - the +2 hat of the Bear Spirit (worn) {Spirit, +Rage rN+ MR++}
   (You found it on level 1 of the Lair of Beasts)

   It protects you from negative energy.
   It affects your resistance to hostile enchantments.
   It lets you go berserk.
Jewellery
 e - the ring of Senot (right hand) {rN++ MP+9 Str-2}
   (You took it off a minotaur in a Gauntlet)

   [ring of magical power]

   It affects your strength (-2).
   It greatly protects you from negative energy.
   It affects your magic capacity (+9).
 D - the ring of Mimn (left hand) {*Drain +Fly rC+++ MR+ Stlth+}
   (You acquired it on level 3 of the Lair of Beasts)

   [ring of protection from magic]

   It renders you almost immune to cold.
   It affects your resistance to hostile enchantments.
   It lets you fly.
   It causes draining when unequipped.
   It makes you more stealthy.
 F - the amulet "Oprip" (around neck) {Spirit rPois rN++ Dex-5}
   (You acquired it on level 1 of the Lair of Beasts)

   [amulet of guardian spirit]

   It causes incoming damage to be split between your health and magic.
   It affects your dexterity (-5).
   It protects you from poison.
   It greatly protects you from negative energy.
 J - an uncursed ring of protection from fire
 S - the ring of Gischets {*Corrode rElec rC+ MR+}
   (You found it on level 12 of the Dungeon)

   [ring of protection from magic]

   It protects you from cold.
   It insulates you from electricity.
   It affects your resistance to hostile enchantments.
   It may corrode you when you take damage.
 T - the ring of Tulips {Fire -Tele *Slow rPois Str+9}
   (You found it on level 12 of the Dungeon)

   [ring of fire]

   It enhances your fire magic.
   It affects your strength (+9).
   It protects you from fire.
   It makes you vulnerable to cold.
   It protects you from poison.
   It prevents most forms of teleportation.
   It may slow you when you take damage.
 Z - the ring "Watyf" {rC+ Int+6}
   (You found it on level 3 of the Spider Nest)

   [ring of intelligence]

   It affects your intelligence (+6).
   It protects you from cold.
Wands
 z - a wand of flame (7)
 K - a wand of random effects (24)
 V - a wand of paralysis (10)
 W - a wand of iceblast (33)
Scrolls
 i - 3 scrolls of teleportation
 k - 6 scrolls of noise
 o - 10 scrolls of immolation
 s - 4 scrolls of enchant weapon
 u - 4 scrolls of remove curse
 B - 2 scrolls of fear
 C - 4 scrolls of amnesia
 H - 3 scrolls of fog
 N - a scroll of vulnerability {unknown}
 O - 2 scrolls of summoning {unknown}
 P - a scroll of magic mapping
 X - 2 scrolls of identify
Potions
 d - 5 potions of brilliance
 f - a potion of berserk rage
 h - 3 potions of degeneration
 j - 2 potions of haste
 m - 3 potions of mutation
 n - 4 potions of flight
 r - 3 potions of lignification
 v - 7 potions of curing
 A - 2 potions of resistance
 E - 3 potions of might
 L - 3 potions of heal wounds
 M - 4 potions of ambrosia
 Q - 2 potions of magic
 R - 2 potions of agility
 U - a potion of cancellation
 Y - 2 potions of experience
Miscellaneous
 q - a phial of floods
Comestibles
 c - 23 rations


   Skills:
 * Level 10.9 Fighting
 - Level 12.0 Staves
 + Level 11.9 Dodging
 - Level 1.3 Stealth
 + Level 11.4 Shields
 * Level 13.9 Unarmed Combat
 * Level 3.3 Spellcasting
 * Level 12.7 Invocations
 + Level 10.7 Evocations


You had 21 spell levels left.
You didn't know any spells.
Your spell library contained the following spells:

 Spells                   Type           Power        Failure   Level  Hunger
 Animate Skeleton         Necr           N/A          54%         1    #......
 Beastly Appendage        Tmut           #.....       54%         1    #......
 Confusing Touch          Hex            #.....       54%         1    #......
 Corona                   Hex            #......      54%         1    #......
 Infusion                 Chrm           #...         54%         1    #......
 Pain                     Necr           #...         54%         1    #......
 Ensorcelled Hibernation  Hex/Ice        #.....       69%         2    ###....
 Shroud of Golubria       Chrm/Tloc      #.........   69%         2    ###....
 Song of Slaying          Chrm           #.......     69%         2    ###....
 Sticks to Snakes         Tmut           #.......     69%         2    ###....
 Swiftness                Chrm/Air       #.......     69%         2    ###....
 Confuse                  Hex            #.......     87%         3    ###....
 Dazzling Spray           Conj/Hex       #.....       87%         3    ###....
 Gell's Gravitas          Tloc           #.........   87%         3    ###....
 Regeneration             Chrm/Necr      #.........   87%         3    ###....
 Spectral Weapon          Hex/Chrm       #.......     87%         3    ###....
 Spider Form              Tmut/Pois      #.........   87%         3    ###....
 Tukima's Dance           Hex            #.......     87%         3    ###....
 Vampiric Draining        Necr           #.........   87%         3    ###....
 Animate Dead             Necr           N/A          99%         4    #####..
 Ice Form                 Ice/Tmut       #.......     99%         4    #####..
 Petrify                  Tmut/Erth      #.......     99%         4    #####..
 Blade Hands              Tmut           #.........   100%        5    ######.
 Bolt of Magma            Conj/Fire/Erth #.........   100%        5    ######.
 Iskenderun's Battlesphe  Conj/Chrm      #.......     100%        5    ######.
 Metabolic Englaciation   Hex/Ice        #.........   100%        5    ######.
 Venom Bolt               Conj/Pois      #.........   100%        5    ######.
 Yara's Violent Unravell  Hex/Tmut       #.........   100%        5    ######.
 Iron Shot                Conj/Erth      #.........   100%        6    #######
 Orb of Destruction       Conj           #.........   100%        7    #######
 Ring of Flames           Chrm/Fire      #.........   100%        7    #######
 Spellforged Servitor     Conj/Summ      #.........   100%        7    #######


Dungeon Overview and Level Annotations

Branches:
Dungeon (15/15)            Temple (1/1) D:7            Lair (6/6) D:11
 Shoals (1/4) Lair:3       Spider (4/4) Lair:2        Slime (0/5) Lair:6
    Orc (2/2) D:9             Elf (0/3) Orc:2        Vaults (0/5) D:14
 Depths (0/5) D:15

Altars:
Ashenzari
Cheibriados
Dithmenos
Elyvilon
Fedhas
Gozag
Hepliaklqana
Kikubaaqudgha
Makhleb
Nemelex Xobeh
Okawaru
Qazlal
Ru
Sif Muna
Trog
Uskayaw
Vehumet
Wu Jian
Xom
Yredelemnul
Zin
The Shining One
Beogh
Jiyva

Shops:
D:7 [   D:10 ![?   Orc:2 !([*}

Annotations:
D:4 1 runed translucent door, elum's ghost, amateur DsWz
Lair:2 2 transporters, Otyuwk's ghost, journeyman DECj


Innate Abilities, Weirdness & Mutations

You can spit globs of acid.
Your golden yellow scales are hard. (AC +9)
You cannot fit into any form of body armour.
You have acidic saliva.
You are cold-blooded and may be slowed by cold attacks.
You are resistant to acid. (rCorr)
You tend to lose your temper in combat.
You are robust. (+10% HP)
You are occasionally teleported next to monsters.
Your spells are harder to cast, but more powerful.
You expend magic power (3 MP) to strengthen your wands.


Message History

Bai Suzhen bites the manticore.
Bai Suzhen drains the manticore. x2
Bai Suzhen claws the manticore.
Bai Suzhen tramples the manticore.
The manticore dies!
Yredelemnul accepts your kill.
You enter the shallow water.
Moving in this stuff is going to be slow.
You feel very sick.
The plant is struck by lightning.
The water nymph points at you and mumbles some strange words.
The water swirls and strikes you!
* * * LOW HITPOINT WARNING * * *
The sea snake bites the plant.
You feel very sick.
The water nymph gestures at you while chanting.
The water swirls and strikes you!
* * * LOW HITPOINT WARNING * * *
The water nymph points at you and mumbles some strange words.
The water swirls and strikes you!
You die...
Your body rises from the dead as a mindless zombie.

..≈.... ... #......
..P.. ....≈≈.##
..... ≈>..≈≈≈.#
#S.P.
≈(..≈≈≈.####PP## .
≈.≈≈..≈≈.....PP##P.
≈.≈≈≈.≈≈....≈P....
≈.≈≈≈≈≈<≈@§§§..# .
≈≈≈≈≈≈≈≈.≈§ZP§.###..
..≈≈≈≈≈≈.≈§§§P..(...
..≈≈≈≈≈≈≈≈≈§≈§≈≈.≈≈≈
..≈≈≈≈≈≈≈≈≈≈§§§≈≈†≈≈
..≈≈≈≈≈≈≈≈≈..≈≈≈≈≈≈≈
[.≈≈≈≈≈≈≈≈≈≈≈≈≈≈≈≈≈≈
..≈..≈≈m≈m≈≈≈≈≈≈≈≈≈≈
≈≈....≈≈≈P≈.P≈≈≈≈$≈≈


You could see a sea snake, 2 water nymphs and the friendly Bai Suzhen the
spectral storm dragon.

Vanquished Creatures
  2 ghost moths
  2 orc warlords
  An entropy weaver (Spider:2)
  The ghost of Orphog the Fighter, a journeyman MiFi of Okawaru (D:13)
  A spark wasp (shapeshifter) (D:15)
  A spark wasp (Spider:4)
  An ettin (Orc:1)
  A minotaur (Gauntlet)
  6 hydras
  A rakshasa (D:15)
  5 centaur warriors
  5 two-headed ogres
  An ogre mage (D:13)
  3 dancing weapons
  2 death knights (D:12)
  An orc high priest (Orc:2)
  2 death yaks (Gauntlet)
  A large abomination (Abyss:1)
  Nergalle (D:12)
  A sixfirhy (Lair:3)
  2 glowing orange brains
  2 cherubim
  A wizard (D:14)
  2 unseen horrors
  A lindwurm (Lair:2)
  A necromancer (Gauntlet)
  An orc knight (Orc:2)
  3 orc sorcerers (Orc:2)
  8 orb spiders
  2 oklob plants (Lair:3)
  11 wolf spiders
  8 ugly things
  A deep elf mage (D:13)
  2 cyclopes
  A manticore (D:15)
  A manticore (shapeshifter) (D:13)
  2 merfolk sirens (Lair:3)
  8 elephants
  2 black mambas
  2 centaur zombies (D:14)
  A black mamba (shapeshifter) (D:13)
  6 spiny frogs
  4 centaur skeletons
  2 gargoyles
  Psyche (D:8)
  2 torpor snails
  3 komodo dragons
  A yaktaur (D:12)
  A freezing wraith (D:12)
  A kobold demonologist (D:11)
  3 rime drakes
  3 demonic crawlers
  A redback zombie (D:15)
  2 ice devils (D:12)
  A merfolk (Lair:3)
  A queen bee (Spider:1)
  5 polar bears
  3 meliai (Spider:1)
  8 jumping spiders
  3 hornets
  5 trolls
  4 slime creatures
  A silent spectre (Abyss:1)
  A harpy skeleton (D:15)
  5 dream sheep
  A hornet (shapeshifter) (D:13)
  A raiju (Abyss:1)
  8 blink frogs
  6 hippogriffs
  32 redbacks
  4 wraiths
  A water elemental (Shoals:1)
  18 tarantellas
  3 wyverns
  A ynoxinul (Abyss:1)
  A steam dragon (D:13)
  3 basilisks
  A basilisk (shapeshifter) (D:15)
  21 yaks
  A chaos spawn (Abyss:1)
  A vampire mosquito (D:15)
  A hungry ghost (D:14)
  A neqoxec (Abyss:1)
  A soldier ant (shapeshifter) (D:15)
  2 wargs
  An insubstantial wisp (Abyss:1)
  A soldier ant (D:9)
  14 water moccasins
  3 acid dragons (Lair:6)
  7 porcupines
  2 hell hounds (Lair:1)
  41 orc warriors
  An eye of draining (shapeshifter) (D:13)
  3 black bears
  3 sky beasts
  A swamp drake (Lair:6)
  An eye of draining (D:13)
  2 ice beasts
  2 phantoms
  14 wolves
  15 ogres
  16 centaurs
  16 crocodiles
  3 big kobolds
  27 bullfrogs
  2 gnoll sergeants
  3 scorpions
  20 killer bees
  6 wights
  4 electric eels
  A howler monkey (D:11)
  A small abomination (Abyss:1)
  2 bullfrog zombies
  7 crimson imps
  A quasit (D:6)
  3 hounds
  2 jellies
  2 bullfrog skeletons
  24 orc priests
  5 iguanas
  24 orc wizards
  4 hell rats (Lair:5)
  10 worker ants
  A bullfrog simulacrum (D:12)
  A hound skeleton (D:4)
  A howler monkey zombie (D:7)
  Robin (D:3)
  26 gnolls
  9 adders
  5 shadow imps
  2 oozes
  2 adder skeletons
  2 adder zombies (D:9)
  3 worms
  A dart slug (D:1)
  3 leopard geckos
  119 orcs
  A ball python (D:8)
  7 bats
  5 giant cockroaches
  33 goblins
  22 hobgoblins
  4 jackals
  30 kobolds
  2 quokkas
  5 frilled lizards
  A leopard gecko skeleton (D:6)
  9 rats
  5 plants
870 creatures vanquished.

Vanquished Creatures (collateral kills)
  2 ghost moths
  7 emperor scorpions
  An orc warlord (Orc:2)
  An entropy weaver (Spider:4)
  A very ugly thing (D:13)
  The ghost of Maize the Severer, a journeyman MiBe of Trog (D:12)
  Snorg (D:13)
  2 fire dragons
  Josephine (Lair:5)
  A hydra (Lair:4)
  3 centaur warriors
  2 two-headed ogres
  A tengu warrior (D:13)
  7 dancing weapons
  A sea snake (Shoals:1)
  An unseen horror (D:13)
  A swamp dragon (Lair:6)
  An unseen horror (shapeshifter) (D:15)
  A wolf spider zombie (Spider:4)
  A harpy (shapeshifter) (D:13)
  6 ugly things
  4 orc knights
  9 orb spiders
  6 wolf spiders
  2 oklob plants (Lair:3)
  A phantasmal warrior (D:12)
  A cyclops (D:14)
  2 manticores (Shoals:1)
  9 slime creatures
  A merfolk siren (Lair:3)
  5 elephants
  2 black mambas (Lair:2)
  8 spiny frogs
  A centaur skeleton (D:15)
  A redback zombie (Spider:4)
  4 komodo dragons
  9 demonic crawlers
  A yaktaur (shapeshifter) (D:12)
  2 trolls
  A polar bear (Lair:2)
  9 jumping spiders
  A dream sheep (Lair:6)
  3 hornets
  6 blink frogs
  5 hippogriffs
  2 shadows
  2 spriggans
  4 wraiths
  3 centaur simulacra (D:12)
  18 redbacks
  9 tarantellas
  A wyvern (D:12)
  A basilisk (Lair:6)
  4 yaks
  A hog (shapeshifter) (D:12)
  5 vampire mosquitoes (D:15)
  A vampire (D:11)
  2 neqoxecs (D:13)
  2 hungry ghosts
  An ogre zombie (D:13)
  2 wargs (Orc:2)
  A two-headed ogre zombie (D:13)
  An acid dragon (Lair:6)
  6 water moccasins
  2 porcupines
  6 orc warriors
  2 black bears
  An ice beast (D:15)
  2 phantoms
  8 wolves
  7 crocodiles
  4 centaurs (D:15)
  9 bullfrogs
  A wight (D:14)
  3 crimson imps
  A wyvern simulacrum (D:12)
  3 orc priests
  2 hounds (D:11)
  A water moccasin simulacrum (D:12)
  4 orc wizards (Orc:1)
  A worker ant (D:13)
  3 hell rats (Lair:5)
  A hound zombie (D:10)
  3 gnolls
  16 orcs
  3 bats (Orc:1)
  A quokka (D:12)
  A bush (Lair:4)
  19 fungi
  50 plants
356 creatures vanquished.

Vanquished Creatures (others)
  A bone dragon (Spider:4)
  A very ugly thing zombie (D:13)
  A skeletal warrior (D:13)
  4 phantasmal warriors
  2 wolf spider zombies
  An orc sorcerer (Orc:2)
  3 ugly thing zombies
  7 redback zombies
  A demonic crawler zombie (Spider:1)
  4 tarantella zombies
  A hydra zombie (Lair:5)
  A meliai zombie (Spider:1)
  3 jumping spider zombies
  A black mamba zombie (Lair:3)
  12 flying skulls
  A vampire (Spider:1)
  2 wraiths (Lair:6)
  2 two-headed ogre zombies (D:13)
  2 orb spider zombies (Spider:4)
  3 spiny frog zombies (Lair:1)
  An elephant zombie (Lair:6)
  An elf zombie (D:13)
  A torpor snail zombie (Spider:2)
  2 vampire mosquito zombies (D:15)
  2 blink frog zombies
  3 hippogriff zombies
  A yaktaur zombie (D:12)
  A rime drake zombie (Lair:6)
  A wyvern zombie (Lair:1)
  2 hippogriff skeletons
  3 water moccasin zombies (Lair:6)
  3 warg zombies
  A polar bear zombie (Lair:6)
  A troll zombie (D:15)
  4 yak zombies
  A yak skeleton (D:11)
  A wight (Lair:5)
  A wolf zombie (Lair:5)
  2 wolf skeletons (Lair:5)
  5 centaur zombies
  A black bear zombie (D:11)
  5 bullfrog zombies
  3 centaur skeletons
  3 bullfrog skeletons
  A porcupine zombie (Lair:1)
  4 killer bee zombies (Spider:1)
  2 crocodile zombies
  2 ogre zombies
  A sky beast zombie (D:13)
  A crocodile skeleton (Lair:6)
  2 hell rat zombies (Lair:5)
  A howler monkey zombie (D:11)
  2 worker ant zombies
  An adder zombie (D:11)
  2 iguana zombies (Lair:6)
  A bat zombie (Orc:1)
  4 kobold zombies (D:11)
  26 orc zombies
  A demonic plant (Gauntlet)
  3 fungi
  18 plants
  13 withered plants (Gauntlet)
187 creatures vanquished.

Grand Total: 1413 creatures vanquished

Notes
Turn   | Place    | Note
-------+----------+-------------------------------------------
     0 | D:1      | Morbidden the Draconian Fighter began the quest for the
                  | Orb.
     0 | D:1      | Reached XP level 1. HP: 19/19 MP: 1/1
   105 | D:1      | Reached XP level 2. HP: 20/26 MP: 2/2
   450 | D:1      | Reached XP level 3. HP: 32/33 MP: 3/3
  1348 | D:2      | Reached XP level 4. HP: 22/40 MP: 4/4
  1351 | D:2      | Reached skill level 3 in Unarmed Combat
  1631 | D:2      | Found a radiant altar of Vehumet.
  1766 | D:2      | Found a shattered altar of Ashenzari.
  2062 | D:3      | Noticed Robin
  2076 | D:3      | Killed Robin
  2333 | D:3      | Reached XP level 5. HP: 46/46 MP: 5/5
  2696 | D:4      | Reached skill level 4 in Unarmed Combat
  2881 | D:5      | Entered Level 5 of the Dungeon
  2932 | D:5      | Found an iron altar of Okawaru.
  3082 | D:5      | Found a shadowy altar of Dithmenos.
  3508 | D:5      | Found a glowing golden altar of the Shining One.
  3670 | D:4      | Reached XP level 6. HP: 43/53 MP: 6/6
  4011 | D:4      | Found a runed translucent door.
  4011 | D:4      | Noticed elum's ghost (amateur DsWz)
  4156 | D:4      | Reached skill level 5 in Unarmed Combat
  4530 | D:4      | Your scales start taking on a golden yellow colour.
  4530 | D:4      | Reached XP level 7. HP: 49/60 MP: 7/7
  4530 | D:4      | Gained mutation: You are resistant to acid. (rCorr) [Yellow
                  | Draconian growth]
  4835 | D:4      | Found a hide-covered altar of Uskayaw.
  5148 | D:4      | Reached skill level 6 in Unarmed Combat
  5752 | D:6      | Reached skill level 5 in Fighting
  6129 | D:6      | Reached skill level 7 in Unarmed Combat
  6162 | D:6      | Reached XP level 8. HP: 51/68 MP: 8/8
  6401 | D:7      | Found Maeleess's Antique Armour Shoppe.
  6404 | D:7      | Reached skill level 1 in Stealth
  6415 | D:7      | Bought a pair of boots for 112 gold pieces
  6415 | D:7      | Bought a pair of gloves for 112 gold pieces
  6436 | D:7      | Found a flagged portal.
  6455 | Bailey   | Entered a bailey
  6679 | Bailey   | Reached skill level 8 in Unarmed Combat
  7007 | Bailey   | Reached skill level 5 in Shields
  7202 | Bailey   | Noticed an orc warlord
  7215 | Bailey   | Reached skill level 1 in Staves
  7215 | Bailey   | Reached skill level 1 in Evocations
  7274 | Bailey   | Reached XP level 9. HP: 38/75 MP: 4/9
  7421 | Bailey   | Reached skill level 9 in Unarmed Combat
  7652 | Bailey   | Killed an orc warlord
  7652 | Bailey   | Reached skill level 5 in Dodging
  8137 | D:7      | Reached skill level 10 in Unarmed Combat
  8137 | D:7      | Reached XP level 10. HP: 84/84 MP: 12/12
  8200 | D:7      | Found a staircase to the Ecumenical Temple.
  8214 | Temple   | Entered the Ecumenical Temple
  8326 | Temple   | Became a worshipper of Yredelemnul the Dark
  8436 | D:7      | Found a shimmering altar of Xom.
  8436 | D:7      | Found a burning altar of Makhleb.
  8544 | D:7      | Reached skill level 1 in Invocations
  9472 | D:8      | Noticed a two-headed ogre
  9477 | D:8      | Reached * piety under Yredelemnul
  9493 | D:8      | Killed a two-headed ogre
  9583 | D:8      | Found an iron altar of Okawaru.
  9621 | D:8      | Found a sacrificial altar of Ru.
  9664 | D:8      | Found a blossoming altar of Fedhas.
  9805 | D:8      | Noticed Psyche
  9819 | D:8      | Killed Psyche
  9819 | D:8      | Reached skill level 5 in Staves
  9826 | D:8      | Found a snail-covered altar of Cheibriados.
  9826 | D:8      | Found a sparkling altar of Nemelex Xobeh.
  9856 | D:8      | Reached ** piety under Yredelemnul
 10137 | D:9      | Noticed a cyclops
 10149 | D:9      | Killed a cyclops
 10437 | D:9      | Upgraded the game from 0.24-a0-139-geb6712d24a to
                  | 0.24-a0-159-gf1ee1cdb4e
 10836 | D:9      | Reached XP level 11. HP: 92/92 MP: 14/14
 10890 | D:9      | Reached skill level 5 in Evocations
 11359 | D:9      | Found a staircase to the Orcish Mines.
 11524 | D:9      | Noticed a brown ugly thing
 11607 | D:10     | Entered Level 10 of the Dungeon
 12028 | D:10     | Found Xiucaf's Distillery.
 12033 | D:10     | Reached *** piety under Yredelemnul
 12122 | D:10     | Bought a potion of heal wounds for 80 gold pieces
 12122 | D:10     | Bought a potion of heal wounds for 80 gold pieces
 12124 | D:10     | Got a heavily runed brass amulet
 12125 | D:10     | Identified the amulet of Miracles {RegenMP +Blink rPois
                  | MR-} (You found it on level 10 of the Dungeon)
 12300 | D:10     | Killed an unseen horror
 12300 | D:10     | Reached skill level 5 in Invocations
 12369 | D:10     | Found Emeix's Magic Scroll Shop.
 12403 | D:10     | Bought 3 scrolls of blinking for 270 gold pieces
 12464 | D:10     | Found Siadunas's Antique Armour Shoppe.
 13338 | D:11     | Reached **** piety under Yredelemnul
 13471 | D:11     | Found a staircase to the Lair.
 13598 | D:11     | Noticed a sixfirhy
 13921 | Lair:1   | Entered Level 1 of the Lair of Beasts
 13981 | Lair:1   | Identified 2 scrolls of acquirement
 13982 | Lair:1   | Got a scorched ruby amulet
 13986 | Lair:1   | Identified the amulet "Oprip" {Spirit rPois rN++ Dex-5}
                  | (You acquired it on level 1 of the Lair of Beasts)
 13988 | Lair:1   | Noticed a six-headed hydra
 14003 | Lair:1   | Killed a six-headed hydra
 14061 | Lair:1   | Found a gate leading to a gauntlet.
 14072 | Gauntlet | Entered a Gauntlet
 14072 | Gauntlet | Found a transporter.
 14087 | Gauntlet | Found a transporter.
 14097 | Gauntlet | Found a transporter.
 14102 | Gauntlet | Found a transporter.
 14117 | Gauntlet | Found a transporter.
 14127 | Gauntlet | Noticed a death scarab
 14128 | Gauntlet | Noticed a death scarab
 14134 | Gauntlet | Noticed a death yak
 14135 | Gauntlet | Noticed a death yak
 14136 | Gauntlet | Found a transporter.
 14136 | Gauntlet | Noticed a death yak
 14136 | Gauntlet | Noticed a death yak
 14138 | Gauntlet | Noticed a necromancer
 14148 | Gauntlet | Found a transporter.
 14149 | Gauntlet | Noticed a mana viper
 14149 | Gauntlet | a manticore changed into a mana viper
 14154 | Gauntlet | a mana viper changed into a floating eye
 14156 | Gauntlet | Noticed a death drake
 14156 | Gauntlet | a floating eye changed into a death drake
 14160 | Gauntlet | Found a transporter.
 14161 | Gauntlet | Noticed a glowing orange brain
 14162 | Gauntlet | Noticed a swamp dragon
 14162 | Gauntlet | a death drake changed into a swamp dragon
 14163 | Gauntlet | Noticed a fire crab
 14163 | Gauntlet | a swamp dragon changed into a fire crab
 14172 | Gauntlet | Found a transporter.
 14172 | Gauntlet | Noticed a ghost crab
 14184 | Gauntlet | Found a transporter.
 14184 | Gauntlet | Noticed a catoblepas
 14201 | Gauntlet | Found a transporter.
 14219 | Gauntlet | Found a transporter.
 14221 | Gauntlet | Found a transporter.
 14255 | Gauntlet | Noticed a necromancer
 14255 | Gauntlet | Found a transporter.
 14257 | Gauntlet | Found a transporter.
 14260 | Gauntlet | Found a transporter.
 14263 | Gauntlet | Killed a necromancer
 14278 | Gauntlet | Found a transporter.
 14304 | Gauntlet | Noticed a purple ugly thing
 14311 | Gauntlet | Noticed a glowing orange brain
 14323 | Gauntlet | Reached XP level 12. HP: 60/101 MP: 16/16
 14566 | Gauntlet | Noticed a storm dragon
 14568 | Gauntlet | Noticed an azure jelly
 14570 | Gauntlet | Got a pair of ancient gloves
 14582 | Gauntlet | Noticed an azure jelly
 14602 | Gauntlet | Killed a death yak
 14606 | Gauntlet | Killed a death yak
 14681 | Gauntlet | Identified the cursed -1 pair of gloves of the Guilds {rF-
                  | Int+7} (You found it in a Gauntlet)
 14686 | Gauntlet | Got a pair of distressingly furry boots
 14697 | Gauntlet | Identified the +1 pair of boots "Wupniez" {rF+ MR+} (You
                  | acquired it in a Gauntlet)
 14701 | Gauntlet | Noticed a quicksilver dragon
 14702 | Gauntlet | a quicksilver dragon changed into an iron troll
 14725 | Gauntlet | Identified the +5 chain mail "Bidiprui" {rElec}
 14725 | Gauntlet | Identified the ring of Senot {rN++ MP+9 Str-2}
 14725 | Gauntlet | Noticed a minotaur
 14739 | Gauntlet | Killed a minotaur
 14755 | Gauntlet | Identified Ixadgh's Tome of Augmentations
 14854 | Lair:1   | Found the +2 hat of the Bear Spirit {Spirit, +Rage rN+
                  | MR++}
 14922 | Lair:1   | Received a gift from Yredelemnul (a wight)
 15046 | Lair:1   | Reached skill level 11 in Unarmed Combat
 15335 | Lair:1   | Noticed a fire dragon
 15356 | Lair:1   | Killed a fire dragon
 15692 | Lair:2   | Found a transporter.
 15698 | Lair:2   | Noticed a death yak
 15702 | Lair:2   | Noticed Otyuwk's ghost (journeyman DECj)
 15777 | Lair:2   | Found a hole to the Spider Nest.
 16085 | Lair:2   | Received a gift from Yredelemnul (4 flying skulls)
 16238 | Lair:2   | Found a transporter.
 16798 | Lair:2   | Received a gift from Yredelemnul (4 flying skulls)
 17138 | Lair:2   | Noticed a four-headed hydra
 17150 | Lair:2   | Killed a four-headed hydra
 17150 | Lair:2   | Reached XP level 13. HP: 69/108 MP: 16/19
 17612 | Lair:3   | Received a gift from Yredelemnul (3 flying skulls)
 17613 | Lair:3   | Cast into level 1 of the Abyss (merfolk siren)
 17677 | Abyss:1  | Noticed a bone dragon
 17702 | Abyss:1  | Found a snail-covered altar of Cheibriados.
 17731 | Abyss:1  | Noticed an Executioner
 17806 | Abyss:1  | Noticed a bone dragon
 17845 | Abyss:1  | Gained mutation: Your muscles are strong. (Str +2) [a
                  | neqoxec]
 17849 | Abyss:1  | Gained mutation: You tend to lose your temper in combat. [a
                  | neqoxec]
 18071 | Abyss:1  | Noticed a black draconian monk
 18071 | Abyss:1  | Noticed a white very ugly thing
 18104 | Abyss:2  | Noticed a green death
 18144 | Lair:3   | Escaped the Abyss
 18429 | Lair:3   | Found the +8 mithril axe "Arga" {speed, MR+}
 18492 | Lair:3   | Received a gift from Yredelemnul (a wight)
 19038 | Lair:3   | Got a clouded platinum ring
 19039 | Lair:3   | Identified the ring of Mimn {*Drain +Fly rC+++ MR+ Stlth+}
                  | (You acquired it on level 3 of the Lair of Beasts)
 19400 | Lair:3   | Found a staircase to the Shoals.
 19817 | Lair:4   | Received a gift from Yredelemnul (2 flying skulls)
 20301 | Lair:4   | Reached ***** piety under Yredelemnul
 20905 | Lair:5   | Received a gift from Yredelemnul (a wight)
 20907 | Lair:5   | Reached skill level 12 in Unarmed Combat
 21263 | Lair:5   | Received a gift from Yredelemnul (a wraith)
 21265 | Lair:5   | Noticed Josephine
 21283 | Lair:5   | Killed Josephine
 21637 | Lair:6   | Entered Level 6 of the Lair of Beasts
 21659 | Lair:5   | Reached skill level 10 in Staves
 21956 | Lair:6   | Found a viscous altar of Jiyva.
 21956 | Lair:6   | Found a staircase to the Slime Pits.
 22479 | Lair:6   | Gained mutation: You have acidic saliva. [Yellow Draconian
                  | growth]
 22479 | Lair:6   | Reached XP level 14. HP: 110/116 MP: 19/21
 22602 | Lair:6   | Received a gift from Yredelemnul (a wraith)
 22893 | Lair:6   | Received a gift from Yredelemnul (5 flying skulls)
 23955 | D:12     | Noticed Maize's ghost (journeyman MiBe)
 23986 | D:12     | Found a runed translucent gate.
 23986 | D:12     | Found a runed translucent gate.
 23986 | D:12     | Found a runed translucent gate.
 24007 | D:12     | Noticed Nergalle
 24018 | D:12     | Killed Nergalle
 24053 | D:12     | Got a steaming tin ring
 24456 | D:12     | Received a gift from Yredelemnul (2 flying skulls)
 24465 | D:12     | Reached skill level 10 in Invocations
 24922 | D:12     | Found the +2 robe of Vines {NoPotionHeal Regen+7}
 25173 | D:12     | Killed Maize's ghost
 25246 | D:12     | Got the ring of Tulips {Fire}
 25247 | D:12     | Identified the ring of Gischets {*Corrode rElec rC+ MR+}
                  | (You found it on level 12 of the Dungeon)
 25249 | D:12     | Identified the ring of Tulips {Fire -Tele *Slow rPois
                  | Str+9} (You found it on level 12 of the Dungeon)
 25617 | D:13     | Received a gift from Yredelemnul (a phantasmal warrior)
 26412 | D:13     | Noticed Snorg
 26683 | D:13     | Reached skill level 10 in Shields
 26684 | D:13     | Received a gift from Yredelemnul (a skeletal warrior)
 26693 | D:13     | Reached skill level 10 in Dodging
 26961 | D:13     | Noticed a red very ugly thing
 26963 | D:13     | Found a runed translucent gate.
 26963 | D:13     | Found a runed translucent gate.
 26964 | D:13     | Found a runed translucent gate.
 27101 | D:13     | Killed Snorg
 27400 | D:13     | Killed a red very ugly thing
 27781 | D:13     | Found a runed translucent gate.
 27781 | D:13     | Found a runed translucent gate.
 27785 | D:13     | Found a runed translucent gate.
 27791 | D:13     | Noticed Orphog's ghost (journeyman MiFi)
 27810 | D:13     | Gained mutation: You often lose your temper in combat. [a
                  | neqoxec]
 27810 | D:13     | Gained mutation: You are occasionally teleported next to
                  | monsters. [a neqoxec]
 27812 | D:13     | Reached XP level 15. HP: 111/124 MP: 5/23
 27824 | D:13     | Gained mutation: You expend magic power (3 MP) to
                  | strengthen your wands. [a neqoxec]
 27874 | D:13     | Killed Orphog's ghost
 28423 | D:14     | Reached skill level 13 in Unarmed Combat
 28430 | D:14     | Upgraded the game from 0.24-a0-159-gf1ee1cdb4e to
                  | 0.24-a0-170-gd8427f5388
 28577 | D:13     | Received a gift from Yredelemnul (a phantasmal warrior)
 28593 | D:13     | Lost mutation: You often lose your temper in combat.
                  | [potion of mutation]
 28593 | D:13     | Lost mutation: You tend to lose your temper in combat.
                  | [potion of mutation]
 28593 | D:13     | Lost mutation: Your muscles are strong. (Str +2) [potion of
                  | mutation]
 28593 | D:13     | Gained mutation: You are robust. (+10% HP) [potion of
                  | mutation]
 28593 | D:13     | Gained mutation: You tend to lose your temper in combat.
                  | [potion of mutation]
 28593 | D:13     | Gained mutation: Your spells are a little harder to cast,
                  | but a little more powerful. [potion of mutation]
 28593 | D:13     | Gained mutation: Your spells are harder to cast, but more
                  | powerful. [potion of mutation]
 29288 | D:14     | Reached skill level 10 in Evocations
 29456 | D:14     | Received a gift from Yredelemnul (a vampire knight)
 29534 | D:14     | Found a gate to the Vaults.
 29811 | D:15     | Entered Level 15 of the Dungeon
 30216 | D:15     | Received a gift from Yredelemnul (a phantasmal warrior)
 30435 | D:15     | Reached ****** piety under Yredelemnul
 30649 | D:15     | Found a staircase to the Depths.
 31134 | Orc:1    | Entered Level 1 of the Orcish Mines
 31165 | Orc:1    | Received a gift from Yredelemnul (a bone dragon)
 31185 | Orc:1    | Noticed an orc warlord
 31211 | Orc:1    | Killed an orc warlord
 31650 | Orc:1    | Received a gift from Yredelemnul (a flayed ghost)
 31678 | Orc:2    | Entered Level 2 of the Orcish Mines
 31746 | Orc:2    | Found a roughly hewn altar of Beogh.
 31816 | Orc:2    | Received a gift from Yredelemnul (a flayed ghost)
 31880 | Orc:2    | Found a roughly hewn altar of Beogh.
 31904 | Orc:2    | Found Jaxelymm's Gadget Boutique.
 31910 | Orc:2    | Bought a wand of iceblast (13) for 204 gold pieces
 31977 | Orc:2    | Found a roughly hewn altar of Beogh.
 31993 | Orc:2    | Found Imamn's Assorted Antiques.
 32111 | Orc:2    | Found a roughly hewn altar of Beogh.
 32131 | Orc:2    | Found a staircase to the Elven Halls.
 32212 | Orc:2    | Found a roughly hewn altar of Beogh.
 32214 | Orc:2    | Found Segamm's Distillery.
 32215 | Orc:2    | Received a gift from Yredelemnul (a vampire)
 32283 | Orc:2    | Bought a potion of heal wounds for 80 gold pieces
 32741 | Orc:2    | Noticed an orc warlord
 32750 | Orc:2    | Received a gift from Yredelemnul (a ghoul)
 32767 | Orc:2    | Killed an orc warlord
 32851 | Orc:2    | Found Loewko's Antique Weapon Boutique.
 32857 | Orc:2    | Found Riororph's Antique Armour Shop.
 32858 | Orc:2    | Found a roughly hewn altar of Beogh.
 33505 | Spider:1 | Entered Level 1 of the Spider Nest
 33661 | Spider:1 | Received a gift from Yredelemnul (a vampire)
 33725 | Spider:1 | Reached XP level 16. HP: 123/146 MP: 9/24
 34144 | Spider:1 | Found a runed translucent door.
 34304 | Spider:1 | Reached skill level 1 in Spellcasting
 34408 | Spider:1 | Reached skill level 10 in Fighting
 34474 | Spider:2 | Received a gift from Yredelemnul (a ghoul)
 34802 | Spider:3 | Found a transporter.
 34870 | Spider:3 | Noticed Arachne
 35013 | Spider:3 | Received a gift from Yredelemnul (a phantasmal warrior)
 35105 | Spider:2 | Killed Arachne
 35105 | Spider:2 | Enslaved Arachne
 35135 | Spider:3 | Noticed Bai Suzhen
 35188 | Spider:3 | Killed Bai Suzhen
 35188 | Spider:3 | Enslaved Bai Suzhen
 35737 | Spider:3 | Found a transporter.
 36125 | Spider:3 | Got a bound bone ring
 36150 | Spider:3 | Identified the ring "Watyf" {rC+ Int+6} (You found it on
                  | level 3 of the Spider Nest)
 36160 | Spider:3 | Got a vibrating tin ring
 36161 | Spider:3 | Identified the ring "Wuduh" {*Corrode rPois rN+ MR++} (You
                  | found it on level 3 of the Spider Nest)
 36178 | Spider:4 | Entered Level 4 of the Spider Nest
 36194 | Spider:4 | Received a gift from Yredelemnul (a bone dragon)
 37849 | Spider:3 | Received a gift from Yredelemnul (a skeletal warrior)
 38393 | Spider:4 | Got a gossamer rune of Zot
 38731 | Shoals:1 | Entered Level 1 of the Shoals
 38933 | Shoals:1 | HP: 1/149 [water nymph/the raging water (30)]
 38933 | Shoals:1 | Killed from afar by a water nymph

Levels and vault maps discovered:
D:1:      tarquinn_simple_flora_water_f, layout_basic, serial_corexii_hall,
          corexii_hall_statues_i, corexii_hall_statues_x
D:2:      layout_rooms, fiery_altar_vehumet, nicolae_ashenzari_panopticon
D:3:      layout_rooms, ebering_dispersal_statue_hall, uniq_robin
D:4:      layout_layer_cave, lemuel_doored_altar, first_ration,
          ebering_ghost_inner_flame, minmay_pentomino_pile
D:5:      layout_gridville, nicolae_overflow_crystal_walls,
          kennysheep_little_box, basic_altar, minmay_misc_feat_tiny
D:6:      layout_basic, serial_bayou, serial_bayou_pond_e, serial_bayou_shore_a,
          serial_bayou_lagoon_a, serial_bayou_pond_e
D:7:      layout_cave_pools, grunt_temple_overflow_champion_of_chaos,
          temple_doors_cd, serial_shops, shop, enter_bailey_6
D:8:      layout_rooms, nicolae_ru_great_annihilating_truth,
          kennysheep_okawaru_gauntlet, gammafunk_temple_overflow_forgotten,
          kennysheep_nondescript, uniq_psyche
D:9:      layout_loops_ring, hiddenorc1_lemuel, hangedman_pestilent_swarm,
          onia_ninara_dug_in_and_dangerous
D:10:     layout_roguey, serial_shops, kennysheep_mini, nicolae_shop_crystal,
          shop
D:11:     layout_irregular_city, david_lair_shrubbed, uniq_sonja
D:12:     minmay_the_grid_triangle_9x9_recursive_2_mashed
          [minmay_the_grid_triangle_9x9_prize_top_heavy,
          minmay_the_grid_triangle_9x9_longest,
          minmay_the_grid_triangle_9x9_zippers_horizontal,
          minmay_the_grid_triangle_9x9_sparse_checkered], layout_small_grid,
          gammafunk_ghost_icy, uniq_nergalle
D:13:     layout_basic, ploomutoo_gammafunk_ghost_potion_laboratory,
          nicolae_twisting_strands, pf_eden, uniq_snorg
D:14:     layout_cave_pools, erik_vaults_1, minmay_splitting_lines
D:15:     gammafunk_enter_depths_forms, layout_basic, minmay_door_square
Temple:   eino_temple_lava
Lair:1:   dragon1_lemuel, layout_regular_city, gauntlet_entry_generic,
          enter_volcano_3, beast_lair_carwin_6, lemuel_fruit_tree,
          infiniplex_staircase_pool_2
Lair:2:   cheibrodos_lair_overgrown_chateau, layout_regular_city,
          spider_nest_entry_a, gammafunk_ghost_arena,
          grunt_forest_stairs_clearing
Lair:3:   layout_small_grid, elwin_shoals_entry_stream, st_stairs_8,
          gammafunk_lair_bear_cave, grunt_megastairs_4,
          minmay_lair_oklob_chamber
Lair:4:   layout_long_grid, grunt_forest_large_clearing_hut
Lair:5:   wad_woods_04, layout_layer_cave, uniq_josephine
Lair:6:   guppyfry_lair_end_dragon, layout_regular_city, slime_altar_1
Shoals:1: layout_shoals, ebering_ghost_davey_jones
Spider:1: cheibrodos_spider_deadly_dance, drop_trap,
          nicolae_looking_at_the_future
Spider:2: layout_spider_delve
Spider:3: gammafunk_its_a_trap, drop_trap, uniq_bai_suzhen, uniq_arachne
Spider:4: grunt_spider_rune_circles
Orc:1:    layout_caves, mines_bat_river
Orc:2:    grunt_orc_community_town_hall, layout_caves,
          grunt_orc_community_big_house_2, grunt_orc_community_big_house_1,
          grunt_orc_community_house_2, grunt_orc_community_house_2,
          grunt_orc_community_house_3, grunt_orc_community_house_2,
          serial_shops, nicolae_shop_crystal
Abyss:1:  evilmike_abyss_exit_9
Abyss:2:  hangedman_decor_lopped, guppyfry_abyss_exit_imp_island,
          evilmike_abyss_exit_glass
Bailey:   bailey_axe_minmay_hex_keep, bailey
Gauntlet: gammafunk_gauntlet_one_two_three [nicolae_gauntlet_arena_flowing_pool,
          gammafunk_gauntlet_arena_split_x, nicolae_gauntlet_arena_grate_2,
          gammafunk_gauntlet_arena_split_diamond,
          gammafunk_gauntlet_arena_arrow_garden, nicolae_gauntlet_swirl,
          gammafunk_gauntlet_arena_hedges, gammafunk_gauntlet_arena_corners,
          gammafunk_gauntlet_arena_teeth,
          nicolae_gauntlet_exit_dead_adventurers]

Skill      XL: |  1  2  3  4  5  6  7  8  9 10 11 12 13 14 15 16 |
---------------+-------------------------------------------------+-----
Dodging        | 3 4 5 6 7 8 10 11 | 11.9
Fighting       | 4 5 6 7 8 9 10 | 10.9
Unarmed Combat | 3 4 5 7 8 10 11 12 13 | 13.9
Shields        | 4 5 6 7 8 9 10 11 | 11.4
Stealth        | 1 |  1.3
Staves         | 1 3 5 7 9 10 11 12 | 12.0
Evocations     | 1 3 4 6 7 9 10 | 10.7
Invocations    | 3 6 8 9 10 11 12 | 12.7
Spellcasting   | 3 |  3.3

Action                   |  1- 3 |  4- 6 |  7- 9 | 10-12 | 13-15 | 16-18 || total
-------------------------+-------+-------+-------+-------+-------+-------++-------
Melee: Unarmed           |    99 |   287 |   304 |   292 |   920 |    33 ||  1935
       Tailslap          |    16 |    37 |    40 |   103 |   207 |    46 ||   449
       Staff             |       |       |    28 |   436 |   718 |   277 ||  1459
       Bite              |       |       |       |       |   115 |    25 ||   140
Throw: Throwing net      |       |       |       |       |     1 |       ||     1
Invok: Animate Remains   |       |       |       |    12 |       |       ||    12
       Animate Dead      |       |       |       |    40 |   115 |    32 ||   187
       Drain Life        |       |       |       |       |     4 |       ||     4
       Enslave Soul      |       |       |       |       |     1 |     2 ||     3
       Injury Mirror     |       |       |       |       |     1 |     1 ||     2
 Abil: Breathe Acid      |       |       |    27 |    24 |    24 |     5 ||    80
Evoke: Staff of Olgreb   |       |       |    34 |    80 |   118 |    37 ||   269
       Wand              |       |       |     1 |     5 |    33 |     5 ||    44
       Sack of spiders   |       |       |       |       |     1 |       ||     1
  Use: Potion            |     2 |     5 |     1 |     8 |     9 |     5 ||    30
       Scroll            |       |     9 |     6 |    20 |    18 |     7 ||    60
 Stab: Sleeping          |     1 |       |       |     9 |     8 |     2 ||    20
       Invisible         |       |     1 |       |       |       |       ||     1
       Paralysed         |       |       |       |     6 |     9 |     3 ||    18
       Distracted        |       |       |       |     4 |    12 |     3 ||    19
       Confused          |       |       |       |       |     2 |       ||     2
       Held in net/web   |       |       |       |       |     1 |       ||     1
  Eat: Chunk             |       |     8 |    18 |    27 |    36 |       ||    89
       Ration            |       |     1 |       |     8 |    20 |     9 ||    38
Armor: Skin              |    37 |    60 |    65 |   196 |   399 |   171 ||   928
Dodge: Dodged            |    52 |    89 |    90 |   271 |   686 |   192 ||  1380
Block: Shield            |    44 |   118 |   126 |   353 |   937 |   242 ||  1820

Table legend:
 A = Non-vault XP
 B = Vault XP
 C = Vault XP percentage of total XP
 D = Non-vault monster count
 E = Vault monster count
 F = Vault count percentage of total count
                 A         B        C        D         E       F
            +---------+---------+-------+---------+---------+-------
      Total |  126654 |   78745 |  38.3 |     739 |     409 |  35.6
            +---------+---------+-------+---------+---------+-------
        D:1 |      46 |       0 |   0.0 |      22 |       0 |   0.0
        D:2 |     105 |       0 |   0.0 |      23 |       0 |   0.0
        D:3 |      21 |      36 |  63.2 |      13 |      12 |  48.0
        D:4 |     436 |     209 |  32.4 |      19 |       4 |  17.4
        D:5 |     226 |       0 |   0.0 |      13 |       0 |   0.0
        D:6 |     632 |       0 |   0.0 |      19 |       0 |   0.0
        D:7 |    1050 |      50 |   4.5 |      17 |       1 |   5.6
        D:8 |    2155 |     440 |  17.0 |      32 |       7 |  17.9
        D:9 |    2170 |     727 |  25.1 |      26 |      21 |  44.7
       D:10 |    3275 |       0 |   0.0 |      37 |       0 |   0.0
       D:11 |    4507 |     299 |   6.2 |      46 |       1 |   2.1
       D:12 |    6141 |    5226 |  46.0 |      25 |      22 |  46.8
       D:13 |   13010 |    9360 |  41.8 |      38 |      18 |  32.1
       D:14 |    7012 |    1356 |  16.2 |      27 |       2 |   6.9
       D:15 |   10042 |    4588 |  31.4 |      39 |      10 |  20.4
     Lair:1 |    4122 |    1405 |  25.4 |      19 |      10 |  34.5
     Lair:2 |    4403 |    5086 |  53.6 |      21 |      25 |  54.3
     Lair:3 |    4047 |    4833 |  54.4 |      16 |      19 |  54.3
     Lair:4 |    4834 |     841 |  14.8 |      23 |       3 |  11.5
     Lair:5 |    4329 |    1609 |  27.1 |      28 |       6 |  17.6
     Lair:6 |    9223 |    2968 |  24.3 |      37 |      16 |  30.2
   Shoals:1 |    1425 |       0 |   0.0 |       5 |       0 |   0.0
   Spider:1 |   10731 |    9202 |  46.2 |      32 |      34 |  51.5
   Spider:2 |    7530 |       0 |   0.0 |      18 |       0 |   0.0
   Spider:3 |    7166 |    2849 |  28.4 |      20 |       8 |  28.6
   Spider:4 |    7887 |   11990 |  60.3 |      32 |      34 |  51.5
      Orc:1 |    6003 |      11 |   0.2 |      60 |       7 |  10.4
      Orc:2 |    1997 |    7498 |  79.0 |      24 |      70 |  74.5
    Abyss:1 |    2129 |       0 |   0.0 |       8 |       0 |   0.0
     Bailey |       0 |    3684 | 100.0 |       0 |      67 | 100.0
   Gauntlet |       0 |    4478 | 100.0 |       0 |      12 | 100.0
            +---------+---------+-------+---------+---------+-------
